 Dungeon Crawl Stone Soup version 0.16-a0-5-g756871a (webtiles) character file.

231 PolkaDot the Vexing (level 5, -1/35 HPs)
             Began as a Vampire Enchanter on Aug 3, 2014.
             Was an Initiate of Ashenzari.
             Slain by an ogre
             ... wielding a +0 giant spiked club
              (19 damage)
             ... on Level 4 of the Dungeon.
             The game lasted 00:08:02 (3136 turns).

PolkaDot the Vexing (Vampire Enchanter)             Turns: 3136, Time: 00:08:02

HP  -1/35        AC  5     Str  7      XL: 5   Next: 72%
MP   3/9         EV 12     Int 18      God: Ashenzari [......]
Gold 142         SH  0     Dex 14      Spells:  3 memorised,  3 levels left

rFire  . . .     SeeInvis +     a - +4 dagger (curse)
rCold  + + +     Clarity  .     b - +1 robe
rNeg   + + +     rCorr    +     (no shield)
rPois  +         rRot     +     e - +0 helmet
rElec  .         Spirit   .     (no cloak)
SustAb .         Warding  .     (no gloves)
rMut   .         Stasis   .     d - +0 pair of boots (curse)
Gourm  .                        j - amulet of resist corrosion
MR     .....                    (no ring)
                                p - ring of protection from cold

@: bloodless, non-regenerating, not resistant to hostile enchantments, stealthy
A: fangs 3, see invisible, unbreathing
a: Bat Form, Renounce Religion


You were on level 4 of the Dungeon.
You worshipped Ashenzari.
Ashenzari was noncommittal.
You were bloodless.

You visited 1 branch of the dungeon, and saw 4 of its levels.

You collected 142 gold pieces.

Inventory:

Hand weapons
 a - a cursed +4 dagger (weapon)
Armour
 b - a +1 robe (worn)
 d - a cursed +0 pair of boots (worn)
 e - a +0 helmet (worn)
Scrolls
 f - a scroll of curse armour
 g - a scroll of random uselessness {unknown}
 h - a scroll of identify {unknown}
 i - 2 scrolls of amnesia
 m - a scroll of blinking {unknown}
 o - a scroll of fog {unknown}
 t - a scroll of curse weapon
 u - a scroll of magic mapping {unknown}
Jewellery
 j - an amulet of resist corrosion (around neck)
 k - a cursed ring of teleportation
 p - a ring of protection from cold (left hand)
Potions
 l - a potion of experience {unknown}
 n - a potion of agility {unknown}
 r - a potion of flight {unknown}
 s - a potion of mutation {unknown}
Books
 c - a book of Maledictions

   Spells                             Type                      Level
   *Corona                            Hexes                        1
   Sure Blade                         Hexes/Charms                 2
   *Ensorcelled Hibernation           Hexes/Ice                    2
   *Confuse                           Hexes                        3
   Dazzling Spray                     Conjuration/Hexes            3
   Enslavement                        Hexes                        4


   Skills:
 - Level 3.0 Short Blades
 - Level 2.1 Dodging
 + Level 6.0 Stealth
 + Level 2.7 Spellcasting
 * Level 6.6 Hexes
 - Level 1.2 Ice Magic


You had 3 spell levels left.
You knew the following spells:

 Your Spells              Type           Power        Failure   Level  Hunger
a - Corona                Hex            ####...      1%          1    #......
c - Confuse               Hex            ####....     3%          3    ###....
d - Ensorcelled Hibernat  Hex/Ice        ###...       6%          2    ##.....


Dungeon Overview and Level Annotations

Branches:
Dungeon (4/15)
 Temple: D:4-7

Altars:
Ashenzari
Qazlal
Vehumet


Innate Abilities, Weirdness & Mutations

You do not heal naturally.
You have razor-sharp teeth.
You have supernaturally acute eyesight.
You can survive without breathing.


Message History

Press: ? - help, Shift-Dir - straight line, f - ogre
Aim: an ogre, wielding a giant spiked club The ogre resists.
Casting: Ensorcelled Hibernation
Confirm with . or Enter, or press ? or * to list all spells.
Aiming: Ensorcelled Hibernation
Press: ? - help, Shift-Dir - straight line, f/p - ogre
Aim: an ogre, wielding a giant spiked club The ogre resists.
The ogre hits you with a giant spiked club!
Casting: Ensorcelled Hibernation
Confirm with . or Enter, or press ? or * to list all spells.
Aiming: Ensorcelled Hibernation
Press: ? - help, Shift-Dir - straight line, f/p - ogre
Aim: an ogre, wielding a giant spiked club The ogre resists.
* * * LOW MAGIC WARNING * * *
The ogre hits you with a giant spiked club!!
Ouch! That really hurt!
You die...

.#######. ... .........
.. # #......... .. #.#
#%........
.#####.###<........ ..
#..................
...###.l........<.....#
........O..............#
#.......@..............##
+........................
#..............).........
........................
....##..................
.... ####?#.....##......
.. ...#.....###.....
#####.....###.###.
...................


You could see an ogre and an iguana.

Vanquished Creatures
  The ghost of ketsa the Abyss-Baptised, a weakling DsAK of Lugonu (D:3)
  An orc priest (D:3)
  8 adders
  A giant mite (D:3)
  A worm (D:3)
  2 giant geckos
  An ooze (D:1)
  10 orcs (D:3)
  3 ball pythons
  7 bats
  6 giant cockroaches
  4 goblins
  7 hobgoblins
  A quokka (D:3)
  4 giant newts
  2 jackals (D:1)
  4 kobolds
  10 rats
73 creatures vanquished.

Notes
Turn   | Place    | Note
--------------------------------------------------------------
     0 | D:1      | PolkaDot, the Vampire Enchanter, began the quest for the Orb.
     0 | D:1      | Reached XP level 1. HP: 13/13 MP: 3/3
   124 | D:1      | Reached XP level 2. HP: 14/19 MP: 1/4
   208 | D:1      | Learned a level 2 spell: Ensorcelled Hibernation
   875 | D:2      | Found a radiant altar of Vehumet.
  1068 | D:2      | Reached XP level 3. HP: 22/24 MP: 6/6
  1143 | D:2      | Reached skill level 1 in Ice Magic
  1933 | D:2      | Reached skill level 5 in Hexes
  1998 | D:2      | Reached XP level 4. HP: 30/30 MP: 4/7
  2108 | D:2      | Reached skill level 5 in Stealth
  2143 | D:2      | Learned a level 3 spell: Confuse
  2185 | D:3      | Found a shattered altar of Ashenzari.
  2213 | D:3      | Became a worshipper of Ashenzari the Shackled
  2421 | D:3      | Reached XP level 5. HP: 35/35 MP: 1/9
  2523 | D:3      | Reached skill level 6 in Hexes
  2573 | D:3      | Found a stormy altar of Qazlal.
  2834 | D:3      | Noticed ketsa's ghost (weakling DsAK)
  2848 | D:3      | Killed ketsa's ghost
  3129 | D:4      | Noticed an ogre
  3136 | D:4      | Slain by an ogre

Action                   |  1- 3 |  4- 6 || total
-------------------------+-------+-------++-------
Melee: Dagger            |    86 |    78 ||   164
 Cast: Corona            |     4 |       ||     4
       Ensorcelled Hiber |    18 |    21 ||    39
       Confuse           |       |     2 ||     2
  Use: Potion            |       |     2 ||     2
       Scroll            |       |     8 ||     8
 Stab: Sleeping          |    14 |    20 ||    34
       Invisible         |       |     4 ||     4
       Confused          |       |     2 ||     2
